 Dungeon Crawl Stone Soup version 0.21-a0-338-g36cf2fc (webtiles) character file.

86 Amnesiac the Digger (level 4, -6/32 HPs)
             Began as a Gnoll Earth Elementalist on Oct 3, 2017.
             Mangled by a gnoll
             ... wielding a +0 halberd
              (16 damage)
             ... on level 2 of the Dungeon.
             The game lasted 00:02:23 (868 turns).

Amnesiac the Digger (Gnoll Earth Elementalist)       Turns: 868, Time: 00:02:24

Health: -6/32      AC:  2    Str: 10    XL:     4   Next: 50%
Magic:  0/11       EV: 15    Int: 19    God:
Gold:   35         SH:  0    Dex: 15    Spells: 6/13 levels left

rFire    . . .     SeeInvis .   g - +0 dagger
rCold    . . .     Gourm    .   (no shield)
rNeg     . . .     Faith    .   c - +0 robe
rPois    .         Spirit   .   (no helmet)
rElec    .         Reflect  .   (no cloak)
rCorr    .         Harm     .   (no gloves)
MR       .....                  (no boots)
Stlth    +++.......             (no amulet)
HPRegen  0.10/turn              (no ring)
MPRegen  0.12/turn              (no ring)

@: no status effects
A: distributed training, fangs 1, strong nose
a: no special abilities


You were on level 2 of the Dungeon.
You were not hungry.

You visited 1 branch of the dungeon, and saw 3 of its levels.

You collected 35 gold pieces.

Inventory:

Hand Weapons
 g - a +0 dagger (weapon)
Missiles
 b - 23 stones (quivered)
Armour
 c - a +0 robe (worn)
 i - a +1 pair of boots
Jewellery
 h - a +3 ring of strength {unknown}
Scrolls
 a - a scroll of identify {!r, unknown}
 f - a scroll of amnesia {!r, unknown}
 j - 2 scrolls of teleportation {!r, unknown}
 k - a scroll of recharging {!r, unknown}
Books
 e - a book of Geomancy

   Spells                             Type                      Level
   a - Sandblast                      Earth                        1
   b - Passwall                       Transmutation/Earth          2
   c - Stone Arrow                    Conjuration/Earth            3
   d - Petrify                        Transmutation/Earth          4
   e - Lee's Rapid Deconstruction     Earth                        5
Comestibles
 d - a bread ration
 l - 2 chunks of flesh


   Skills:
 + Level 1.1 Fighting
 + Level 1.1 Short Blades
 + Level 1.1 Long Blades
 + Level 1.1 Axes
 + Level 1.1 Maces & Flails
 + Level 1.1 Polearms
 + Level 1.1 Staves
 + Level 1.1 Slings
 + Level 1.1 Bows
 + Level 1.1 Crossbows
 + Level 1.1 Throwing
 + Level 1.1 Armour
 + Level 4.6 Dodging
 + Level 4.2 Stealth
   Level 0.0 Stabbing
 + Level 1.1 Shields
   Level 0.0 Traps
 + Level 1.1 Unarmed Combat
 + Level 5.1 Spellcasting
 + Level 1.1 Conjurations
 + Level 1.1 Hexes
 + Level 1.1 Charms
 + Level 1.1 Summonings
 + Level 1.1 Necromancy
 + Level 1.1 Translocations
 + Level 2.7 Transmutations
 + Level 1.1 Fire Magic
 + Level 1.1 Ice Magic
 + Level 1.1 Air Magic
 + Level 6.6 Earth Magic
 + Level 1.1 Poison Magic
 + Level 1.1 Invocations
 + Level 1.1 Evocations


You had 6 spell levels left.
You knew the following spells:

 Your Spells              Type           Power        Failure   Level  Hunger
a - Sandblast             Erth           ####..       1%          1    None
b - Passwall              Tmut/Erth      ###.......   2%          2    #......
e - Petrify               Tmut/Erth      ###.....     17%         4    ####...


Dungeon Overview and Level Annotations

Branches:
Dungeon (3/15)

Altars:


Innate Abilities, Weirdness & Mutations

Your experience applies equally to all skills.
You have very sharp teeth.
Your uncanny sense of smell can sniff out nearby items.


Message History

Casting: Sandblast
Confirm with . or Enter, or press ? or * to list all spells.
You don't have enough magic to cast that spell.
Casting: Sandblast
Confirm with . or Enter, or press ? or * to list all spells.
You don't have enough magic to cast that spell.
The giant cockroach misses you.
Casting: Sandblast
Confirm with . or Enter, or press ? or * to list all spells.
You don't have enough magic to cast that spell.
The giant cockroach waves its antennae.
The giant cockroach misses you.
Casting: Sandblast
Confirm with . or Enter, or press ? or * to list all spells.
Aiming: Sandblast
Press: ? - help, Shift-Dir - straight line, f - giant cockroach
Aim: a giant cockroach (clinging)
The blast of sand hits the giant cockroach.
You kill the giant cockroach!
b - 24 stones The gnoll misses you.
Casting: Sandblast
Confirm with . or Enter, or press ? or * to list all spells.
You don't have enough magic to cast that spell.
Casting: Sandblast
Confirm with . or Enter, or press ? or * to list all spells.
You don't have enough magic to cast that spell.
Casting: Sandblast
Confirm with . or Enter, or press ? or * to list all spells.
You don't have enough magic to cast that spell.
Casting: Sandblast
Confirm with . or Enter, or press ? or * to list all spells.
You don't have enough magic to cast that spell.
Casting: Sandblast
Confirm with . or Enter, or press ? or * to list all spells.
You don't have enough magic to cast that spell.
Casting: Sandblast
Confirm with . or Enter, or press ? or * to list all spells.
You don't have enough magic to cast that spell.
A jackal comes into view.
Casting: Sandblast
Confirm with . or Enter, or press ? or * to list all spells.
Aiming: Sandblast
Press: ? - help, Shift-Dir - straight line, f - jackal
Aim: a jackal (resting)
The blast of sand hits the jackal.
The jackal is heavily wounded.
b - 23 stones The jackal bites you.
The jackal misses you.
You closely miss the jackal.
The jackal is heavily wounded.
The gnoll hits you with a halberd. The jackal misses you.
Casting: Sandblast
Confirm with . or Enter, or press ? or * to list all spells.
You don't have enough magic to cast that spell.
You barely miss the jackal.
The jackal is heavily wounded.
The jackal misses you. The gnoll hits you with a halberd!
* * * LOW HITPOINT WARNING * * *
The jackal barely misses you. The gnoll barely misses you.
The gnoll hits you with a halberd!
Ouch! That really hurt!
You die...

....>.......
.###..###### .# #..#
.# #..# .#
.###..###.#.#
.#........#.#.#####
.#.####.....#.....##
........#.###.##gh.#
†...............@..#
†.#...#.#...#....."#
...#.#...#.#.......#
#...#)....#...#...##
.#..#.....#..#h...#
..###.....###...#.#
..#.÷#...#..#..#†.#
###...#.#...###.[.#
...#...#...#...#..#


You could see a hound (wandering), a gnoll and a jackal.

Vanquished Creatures
  A bullfrog zombie (D:2)
  A worm (D:2)
  4 dart slugs
  2 leopard geckos
  4 giant cockroaches
  4 goblins
  4 hobgoblins (D:1)
  4 jackals (D:2)
  4 kobolds
  7 bats
  2 rats
37 creatures vanquished.

Notes
Turn   | Place    | Note
-------+----------+-------------------------------------------
     0 | D:1      | Amnesiac the Gnoll Earth Elementalist began the quest for the Orb.
     0 | D:1      | Reached XP level 1. HP: 13/13 MP: 6/6
   137 | D:1      | Reached XP level 2. HP: 19/19 MP: 5/7
   150 | D:1      | Learned a level 2 spell: Passwall
   310 | D:1      | Reached XP level 3. HP: 23/25 MP: 6/9
   448 | D:1      | Reached skill level 5 in Spellcasting
   690 | D:2      | Reached skill level 1 in Fighting
   690 | D:2      | Reached skill level 1 in Short Blades
   690 | D:2      | Reached skill level 1 in Long Blades
   690 | D:2      | Reached skill level 1 in Axes
   690 | D:2      | Reached skill level 1 in Maces & Flails
   690 | D:2      | Reached skill level 1 in Polearms
   690 | D:2      | Reached skill level 1 in Staves
   690 | D:2      | Reached skill level 1 in Slings
   690 | D:2      | Reached skill level 1 in Bows
   690 | D:2      | Reached skill level 1 in Crossbows
   690 | D:2      | Reached skill level 1 in Throwing
   690 | D:2      | Reached skill level 1 in Armour
   690 | D:2      | Reached skill level 1 in Shields
   690 | D:2      | Reached skill level 1 in Unarmed Combat
   690 | D:2      | Reached skill level 1 in Conjurations
   690 | D:2      | Reached skill level 1 in Hexes
   690 | D:2      | Reached skill level 1 in Charms
   690 | D:2      | Reached skill level 1 in Summonings
   690 | D:2      | Reached skill level 1 in Necromancy
   690 | D:2      | Reached skill level 1 in Translocations
   690 | D:2      | Reached skill level 1 in Fire Magic
   690 | D:2      | Reached skill level 1 in Ice Magic
   690 | D:2      | Reached skill level 1 in Air Magic
   690 | D:2      | Reached skill level 1 in Poison Magic
   690 | D:2      | Reached skill level 1 in Invocations
   690 | D:2      | Reached skill level 1 in Evocations
   690 | D:2      | Reached XP level 4. HP: 29/32 MP: 7/11
   696 | D:2      | Learned a level 4 spell: Petrify
   868 | D:2      | Mangled by a gnoll

Vault maps used:
D:1:      nzn_arrival_depleted_hourglass, st_stairs_13,
          wad_floor_pattern_untrapped, minmay_tromino_v7
D:2:      lemuel_blue_sif_altar, minmay_splitting_lines, serial_bayou_pond_d
D:3:      cheibriados_altar_1

Skill      XL: |  1  2  3 |
---------------+----------+-----
Spellcasting   | 5 |  5.1
Fighting       | 1 |  1.1
Short Blades   | 1 |  1.1
Long Blades    | 1 |  1.1
Axes           | 1 |  1.1
Maces & Flails | 1 |  1.1
Polearms       | 1 |  1.1
Staves         | 1 |  1.1
Slings         | 1 |  1.1
Bows           | 1 |  1.1
Crossbows      | 1 |  1.1
Throwing       | 1 |  1.1
Armour         | 1 |  1.1
Shields        | 1 |  1.1
Unarmed Combat | 1 |  1.1
Conjurations   | 1 |  1.1
Hexes          | 1 |  1.1
Charms         | 1 |  1.1
Summonings     | 1 |  1.1
Necromancy     | 1 |  1.1
Translocations | 1 |  1.1
Fire Magic     | 1 |  1.1
Ice Magic      | 1 |  1.1
Air Magic      | 1 |  1.1
Poison Magic   | 1 |  1.1
Invocations    | 1 |  1.1
Evocations     | 1 |  1.1
Dodging        | |  4.6
Stealth        | |  4.2
Transmutations | |  2.7
Earth Magic    | |  6.6

Action                   |  1- 3 |  4- 6 || total
-------------------------+-------+-------++-------
Melee: Dagger            |    19 |    14 ||    33
       Bite              |     1 |     5 ||     6
 Cast: Sandblast         |    15 |    21 ||    36
       Petrify           |       |     2 ||     2
 Stab: Sleeping          |     7 |       ||     7
       Petrified         |       |     2 ||     2
Armor: Robe              |     3 |     4 ||     7
Dodge: Dodged            |    19 |    20 ||    39

Table legend:
 A = Spawn XP
 B = Non-spawn XP
 C = Spawn XP percentage of total XP
 D = Spawn monster count
 E = Non-spawn monster count
 F = Spawn count percentage of total count
 G = Total turns spent on level
                    A         B        C        D         E        F      G
               +---------+---------+-------+---------+---------+-------+---------
         Total |       0 |     124 |   0.0 |       0 |      37 |   0.0 |   868
               +---------+---------+-------+---------+---------+-------+---------
           D:1 |       0 |      40 |   0.0 |       0 |      19 |   0.0 |   674
           D:2 |       0 |      84 |   0.0 |       0 |      18 |   0.0 |   192
               +---------+---------+-------+---------+---------+-------+---------
